 Dungeon Crawl Stone Soup version 0.26.1-11-gd32895ea62 (webtiles) character file.

Game seed: 7636013735358373614

85 Almogavar the Slasher (level 4, 0/63 HPs)
             Began as a Palentonga Berserker on July 19, 2021.
             Was a Believer of Trog.
             Succumbed to a gnoll's poison
             ... on level 3 of the Dungeon.
             The game lasted 00:03:38 (1790 turns).

Almogavar the Slasher (Palentonga Berserker)        Turns: 1790, Time: 00:03:39

Health: 0/63       AC:  4    Str: 22    XL:     4   Next: 25%
Magic:  4/4        EV: 10    Int:  7    God:    Trog [**....]
Gold:   78         SH:  0    Dex:  9    Spells: 3/3 levels left

rFire    . . .     SeeInvis +   a - +0 falchion
rCold    . . .     Faith    .   (no shield)
rNeg     . . .     Spirit   .   b - +0 animal skin
rPois    .         Reflect  .   (no helmet)
rElec    .         Harm     .   (no cloak)
rCorr    .         Rampage  .   (no gloves)
Will     .....                  (no barding)
Stlth    ..........             (no amulet)
HPRegen  0.20/turn              (no ring)
MPRegen  0.09/turn              (no ring)

@: berserking (expiring), lethally poisoned (0 -> -19), very quick
A: large, rugged brown scales 3, see invisible, deformed body, roll 1, armoured
tail
a: Rolling Charge, Renounce Religion, Berserk, Trog's Hand


You were on level 3 of the Dungeon.
You worshipped Trog.
Trog was pleased with you.
You visited 1 branch of the dungeon, and saw 3 of its levels.

You collected 78 gold pieces.

Inventory:

Hand Weapons
 a - a +0 falchion (weapon)
Armour
 b - a +0 animal skin (worn)
 d - a cursed +0 robe
Scrolls
 c - 3 scrolls of teleportation
 f - 2 scrolls of identify {unknown}
 i - 2 scrolls of fog
 k - a scroll of enchant weapon {unknown}
Potions
 e - a potion of attraction {unknown}
 g - 2 potions of brilliance {unknown}
 h - 4 potions of curing
 j - a potion of berserk rage {unknown}


   Skills:
 + Level 3.7 Fighting
 + Level 4.1 Long Blades
 + Level 1.9 Armour
 + Level 1.9 Dodging


You had 3 spell levels left.
You didn't know any spells.
Your spell library was empty.

Dungeon Overview and Level Annotations

Branches:
Dungeon (3/15)

Altars:

Annotations:
D:3 1 transporter


Innate Abilities, Weirdness & Mutations

You are completely covered in rugged brown scales. (AC +3, +7% HP)
You have supernaturally acute eyesight. (SInv)
Armour fits poorly on your strangely shaped body.
You can roll at nearby foes to attack.
You have a long armoured tail.


Message History

You closely miss the gnoll.
Your tail-slap misses the gnoll.
The gnoll is heavily wounded.
* * * LOW HITPOINT WARNING * * *
You feel sick.
You slash the gnoll!
You kill the gnoll!
Trog accepts your kill.
* * * LOW HITPOINT WARNING * * *
You feel sick.
You miss the leopard gecko.
* * * LOW HITPOINT WARNING * * *
You feel sick. The leopard gecko barely misses you.
You riposte.
You slash the leopard gecko!
You kill the leopard gecko!
Trog accepts your kill.
* * * LOW HITPOINT WARNING * * *
You feel sick.
You see here a +1 whip of venom.
You feel a strong urge to attack something.
You die...

......#............#
......#............#
............########
...########<...#.. ....
...)..# #....#.# #....
.##...# #....#.# ....#
.##...#####.####.# ....#
..+...†.....####.###....#
..#...####.....)@)...#
..#...# ##.######....#
..#...###.........?..#
#.......©..........#
##..#########......#
#.##8..?$.8##.......
#.#©.......Z#........
...#.##...##.#.........#
###.#.##...##.#.........#


There were no monsters in sight!

Vanquished Creatures
  3 gnolls (D:3)
  An adder (D:2)
  A worm (D:2)
  3 dart slugs
  2 leopard geckos
  An orc (D:3)
  3 giant cockroaches (D:1)
  5 hobgoblins
  5 kobolds
  6 bats
  2 frilled lizards
  5 rats
37 creatures vanquished.

Notes
Turn   | Place    | Note
-------+----------+-------------------------------------------
     0 | D:1      | Almogavar the Palentonga Berserker began the quest for the
                  | Orb.
     0 | D:1      | Reached XP level 1. HP: 20/20 MP: 1/1
   166 | D:1      | You fall into a shaft and drop 1 floor!
   171 | D:2      | Reached XP level 2. HP: 22/27 MP: 2/2
   526 | D:1      | Reached XP level 3. HP: 29/33 MP: 3/3
  1146 | D:2      | Reached ** piety under Trog
  1752 | D:3      | Found a transporter.
  1771 | D:3      | Reached skill level 4 in Long Blades
  1773 | D:3      | Reached XP level 4. HP: 35/42 MP: 4/4
  1777 | D:3      | HP: 2/42 [gnoll/+1 whip of venom (1)]
  1788 | D:3      | HP: 2/63 [poisoned by a gnoll]
  1790 | D:3      | Succumbed to a gnoll's poison

Illustrated notes

Levels and vault maps discovered:
D:1:      dpeg_arrival_chambers_temple_mockup, layout_basic
D:2:      layout_basic
D:3:      layout_basic, gammafunk_ghost_arena, uniq_jessica

Skill      XL: |  1  2  3 |
---------------+----------+-----
Long Blades    | 4 |  4.1
Fighting       | |  3.7
Armour         | |  1.9
Dodging        | |  1.9

Action                   |  1- 3 |  4- 6 || total
-------------------------+-------+-------++-------
Melee: Falchion          |    90 |     9 ||    99
       Tailslap          |     9 |       ||     9
Invok: Berserk           |       |     1 ||     1
 Abil: Rolling Charge    |    24 |     1 ||    25
  Use: Scroll            |     2 |       ||     2
       Potion            |       |     2 ||     2
Armor: Animal skin       |    37 |       ||    37
Dodge: Dodged            |    36 |     2 ||    38
       Rpst.: Falchion   |    15 |     2 ||    17
